cohdb
Replays
Latest Replays
All Replays
Popular Replays
Top Player Replays
Match Explorer
How It Works
Community
CoH3 Stats
Reddit
Sign in to upload your games and track your stats! →
Sign in with Steam
Match 46667364
Unlisted
Match 46667364
Overview
Messages
Build Orders
End
Construct Infanterie Kompanie
Kettenkrad Recon Vehicle
MG 42 Machine Gun Team
Grenadier Squad
Grenadier Squad
Grenadier Squad
Medical Station
Construct Luftwaffe Kompanie
221 Scout Car
Flak 30 Anti-aircraft Gun Team
Selects Mechanized Battlegroup
Selects Raid Package
Selects StuG Assault Group
Selects UNKNOWN (2160084)
StuG Assault Group
MG 42 Bunker
Selects Mobile Repair Stations
GodEr
12345+5
0
0
Comments
sign in to comment!
No comments posted yet!